 Dungeon Crawl Stone Soup version 0.30-a0-956-gcec3b41aec (webtiles) character file.

Game seed: 13972316579984541125

364 IdlyInterested the Cudgeller (level 6, -6/48 HPs)
             Began as a Demonspawn Fighter on Mar 29, 2023.
             Killed from afar by Blork the orc (8 damage)
             ... with a puff of flame
             ... on level 4 of the Dungeon.
             The game lasted 00:07:17 (2879 turns).

IdlyInterested the Cudgeller (Demonspawn Fighter)   Turns: 2879, Time: 00:07:17

Health: -6/48      AC: 11    Str: 18    XL:     6   Next: 39%
Magic:  6/6        EV:  7    Int: 12    God:
Gold:   205        SH:  4    Dex: 12    Spells: 5/5 levels left

rFire   . . .      SeeInvis .    a - +0 flail
rCold   . . .      Faith    .    c - +0 buckler
rNeg    . . .      Spirit   .    n - +1 chain mail
rPois   .          Reflect  .    p - +0 helmet
rElec   .          Rampage  .    (no cloak)
rCorr   +                        (no gloves)
Will    .....                    (no boots) Stlth
                                 (no amulet)
HPRegen 0.28/turn                k - ring of resist corrosion
MPRegen 0.10/turn                (no ring)

@: no status effects
A: powered by death 2, big brain 1, demonic magic 1
a: no special abilities


You were on level 4 of the Dungeon.
You visited 1 branch of the dungeon, and saw 4 of its levels.

You collected 205 gold pieces.

Inventory:

Hand Weapons
 a - a +0 flail (weapon)
 o - a +2 dagger of venom
Missiles
 f - 29 stones (quivered)
 g - 6 atropa-tipped darts
Armour
 c - a +0 buckler (worn)
 n - a +1 chain mail (worn)
 p - a +0 helmet (worn)
Jewellery
 k - a ring of resist corrosion (left hand)
Scrolls
 d - a scroll of enchant weapon {unknown}
 e - a scroll of identify
 h - a scroll of enchant armour
 l - a scroll of poison {unknown}
 m - a scroll of noise {unknown}
 q - a scroll of silence {unknown}
Potions
 b - a potion of flight
 i - 2 potions of attraction
 j - 2 potions of mutation


   Skills:
 + Level 4.2 Fighting
 * Level 4.6 Maces & Flails
 - Level 4.0 Armour
 + Level 0.4 Dodging
 - Level 2.6 Shields


You had 5 spell levels left.
You didn't know any spells.
Your spell library was empty.

Dungeon Overview and Level Annotations

Branches:
Dungeon (4/15)             Temple (0/1) D:4

Altars:

Annotations:
D:4 Blork the orc


Innate Abilities, Weirdness & Mutations

You regenerate health from kills.
You have an unusually large brain. (Int +2)
Spells you cast may paralyse adjacent enemies.


Message History

Blork the orc is heavily wounded.
Blork the orc hits you with a +3 long sword of electrocution.
You hit Blork the orc but do no damage.
Blork the orc is heavily wounded.
Blork the orc points at you and mumbles some strange words.
The puff of frost hits you but does no damage.
Blork the orc hits you with a +3 long sword of electrocution!
* * * LOW HITPOINT WARNING * * *
You barely miss Blork the orc.
Blork the orc is moderately wounded.
Blork the orc hits you but does no damage.
Blork the orc zaps a wand.
The puff of flame hits you.
* * * LOW HITPOINT WARNING * * *
You feel much better. You block Blork the orc's attack.
Blork the orc screams, "I'll break your arms!"
Blork the orc looks encouraged for a moment.
You barely miss Blork the orc.
Blork the orc is moderately wounded.
Blork the orc hits you with a +3 long sword of electrocution.
You are electrocuted!!
* * * LOW HITPOINT WARNING * * *
Blork the orc hits you but does no damage.
You hit Blork the orc.
Blork the orc is heavily wounded.
Blork the orc zaps a wand.
The puff of flame hits you!
* * * LOW HITPOINT WARNING * * *
You hit Blork the orc.
Blork the orc is severely wounded.
You block Blork the orc's attack.
Blork the orc miscasts a cantrip.
You sock Blork the orc!
Blork the orc is almost dead.
Blork the orc hits you with a +3 long sword of electrocution.
* * * LOW HITPOINT WARNING * * *
You block Blork the orc's attack.
You barely miss Blork the orc.
Blork the orc is almost dead.
You block Blork the orc's attack.
Blork the orc zaps a wand.
The puff of flame hits you!
You die...

####........##..#..
#..............
#........###..
#........# ..
#.........# .#
...##########.##.##.
..### ###h....... #
###.. .....>... #.##
#........ #..
#..⌠...⌠. ...
......... ..##
....... ##


You could see Blork the orc (fast), a black bear and an adder.

Vanquished Creatures
  Grinder (D:3)
  An orc priest (D:4)
  Terence (D:3)
  Robin (D:3)
  3 adders (D:2)
  3 worms
  2 dart slugs
  6 orcs
  6 endoplasms
  3 giant cockroaches
  10 goblins (D:3)
  5 hobgoblins
  4 jackals (D:2)
  4 kobolds
  A quokka (D:4)
  2 ball pythons (D:2)
  2 bats (D:1)
  4 frilled lizards
  A rat (D:1)
60 creatures vanquished.

Notes
Turn   | Place    | Note
-------+----------+-------------------------------------------
     0 | D:1      | IdlyInterested the Demonspawn Fighter began the quest for
                  | the Orb.
     0 | D:1      | Reached XP level 1. HP: 18/18 MP: 1/1
   121 | D:1      | Found a faded altar of an unknown god.
   254 | D:1      | Gained mutation: You have an unusually large brain. (Int
                  | +2) [demonic ancestry]
   254 | D:1      | Reached XP level 2. HP: 24/24 MP: 2/2
   835 | D:2      | Gained mutation: You regenerate a little health from kills.
                  | [demonic ancestry]
   835 | D:2      | Reached XP level 3. HP: 19/29 MP: 3/3
  1009 | D:2      | HP: 2/43 [worm (2)]
  1360 | D:2      | You fall into a shaft and drop 1 floor!
  1836 | D:3      | Noticed Terence
  1849 | D:3      | Killed Terence
  1850 | D:3      | Gained mutation: Spells you cast may paralyse adjacent
                  | enemies. [demonic ancestry]
  1850 | D:3      | Reached XP level 4. HP: 30/35 MP: 4/4
  2002 | D:3      | Noticed Robin
  2027 | D:3      | Killed Robin
  2297 | D:3      | Noticed Grinder
  2319 | D:3      | Killed Grinder
  2320 | D:3      | Reached XP level 5. HP: 6/42 MP: 5/5
  2320 | D:3      | Gained mutation: You regenerate health from kills. [demonic
                  | ancestry]
  2320 | D:3      | Reached XP level 6. HP: 7/48 MP: 6/6
  2858 | D:4      | Found a staircase to the Ecumenical Temple.
  2859 | D:4      | Noticed Blork the orc
  2878 | D:4      | HP: 1/48 [Blork the orc/+3 long sword of electrocution (2)]
  2879 | D:4      | Killed from afar by Blork the orc

Illustrated notes

Levels and vault maps discovered:
D:1:      dpeg_arrival_castle, layout_basic,
          chequers_ecumenical_altar_simple_redux
D:2:      layout_loops_ring, minmay_crystal_room
D:3:      layout_loops_cross, nicolae_titane, uniq_grinder, uniq_robin,
          uniq_terence
D:4:      layout_rooms, kennysheep_little_box, minmay_temple_entry_large_hall,
          corexii_checkpoint_a, hex_medium, uniq_blork_the_orc

Skill      XL: |  1  2  3  4 |
---------------+-------------+-----
Maces & Flails | 2 3 4 |  4.6
Armour         | 3 4 |  4.0
Fighting       | 4 |  4.2
Dodging        | |  0.4
Shields        | |  2.6

Action                     |  1- 3 |  4- 6 || total
---------------------------+-------+-------++-------
  Melee: Flail             |   117 |   108 ||   225
  Throw: Stone             |       |     1 ||     1
    Use: Scroll            |     8 |     1 ||     9
         Potion            |     1 |     4 ||     5
 Armour: Scale mail        |    14 |       ||    14
         Chain mail        |    47 |    64 ||   111
  Dodge: Dodged            |    32 |    24 ||    56
  Block: Buckler           |    33 |    28 ||    61

Table legend: (Time is in decaauts)
 A = Elapsed time spent in this place.
 B = Non-inter-level travel time spent in this place.
 C = Inter-level travel time spent in this place.
 D = Time resting spent in this place.
 E = Time spent auto-exploring this place.
 F = Levels seen in this place.
 G = Mean time per level.
                   A        B        C        D        E       F      G
               +--------+--------+--------+--------+--------+-----+--------+
         Total |   2976 |   2581 |    395 |    417 |   1457 |   4 |  744.0 |
       Dungeon |   2976 |   2581 |    395 |    417 |   1457 |   4 |  744.0 |
               +--------+--------+--------+--------+--------+-----+--------+

Top non-repeatable levels by time:
     D:3: 1092 daAuts
     D:2: 964 daAuts
     D:1: 783 daAuts
     D:4: 136 daAuts
